![]() |
![]() |
![]() |
html PUBLIC "-//W3C//DTD XHTML 1.0 Transitional//EN" "http://www.w3.org/TR/xhtml1/DTD/xhtml1-transitional.dtd">
ANCHORAGE ACES vs SACRAMENTO BANDITSCreated - 10 février 2025 at 11:29
1st period
1. SACRAMENTO BANDITS , Corey Perry 10 (Jakob Silfverberg 16) at 0:26
2. ANCHORAGE ACES , Stefan Noesen 7 (Connor McDavid 21, Ryan Pulock 21) at 4:31 Penalties :
William Borgen (ANC) for High sticking (Minor) at 18:24
2nd period
3. ANCHORAGE ACES , Jakob Chychrun 5 (Nathan MacKinnon 28, David Perron 16) at 8:59 (PP)
4. SACRAMENTO BANDITS , Matthew Knies 7 (Anthony Beauvillier 24, Dominik Kubalik 7) at 9:15 5. ANCHORAGE ACES , Connor McDavid 18 (Stefan Noesen 5, Yegor Sharangovich 28) at 11:50 Penalties :
Radim Simek (SAC) for Hooking (Minor) at 2:18, Radim Simek (SAC) for High sticking (Minor) at 8:01
3rd period
6. ANCHORAGE ACES , Connor McDavid 19 (Ross Colton 11, Erik Haula 19) at 1:44 (PP)
7. SACRAMENTO BANDITS , Anthony Beauvillier 9 (Zach Bogosian 12, Anthony DeAngelo 4) at 12:04 Penalties :
Antti Tuomisto (SAC) for Hooking (Minor) at 1:16, Radim Simek (SAC) for Holding (Minor) at 7:25, Zach Bogosian (SAC) for Slashing (Minor) at 13:23
Goalie StatsDustin Wolf (ANC), 12 saves from 15 shots - (0,800), W, 7-2-0, 60:00 minutes
Daniel Vladar (SAC), 43 saves from 47 shots - (0,915), L, 7-13-3, 59:58 minutes
Players Stats for ANCHORAGE ACESPlayer Name G A P +/- PIM S H SB GA TA FO MP PP MP PK MP ------------------------------------------------------------------------------------ Alexander DeBrincat 0 0 0 -1 0 4 0 0 0 0 1/6 19:33 3:49 0:00 Alexander Romanov 0 0 0 -2 0 1 1 2 0 0 0/0 22:50 4:15 1:11 Colin Blackwell 0 0 0 -1 0 0 0 0 0 0 0/0 4:11 0:00 0:00 Connor McDavid 2 1 3 1 0 7 4 0 0 0 12/24 20:07 4:17 0:00 David Perron 0 1 1 -1 0 2 4 0 0 0 1/3 18:31 3:06 0:00 Eetu Luostarinen 0 0 0 0 0 2 1 0 0 0 8/18 15:12 0:00 0:00 Erik Haula 0 1 1 0 0 4 1 1 0 0 1/3 19:28 3:34 0:42 Jake Evans 0 0 0 0 0 2 0 0 0 0 4/4 16:29 0:00 1:17 Jakob Chychrun 1 0 1 0 0 3 1 1 0 0 0/0 24:25 3:08 1:23 Logan Mailloux 0 0 0 1 0 1 2 0 0 0 0/0 17:35 4:15 0:00 Nathan MacKinnon 0 1 1 -1 0 7 2 0 0 0 9/17 18:52 3:08 0:00 Ross Colton 0 1 1 -1 0 1 3 0 0 0 3/6 9:45 4:17 1:17 Ryan Pulock 0 1 1 0 0 2 0 0 0 0 0/0 21:15 0:00 1:21 Sam Carrick 0 0 0 -1 0 1 2 0 0 0 0/0 4:11 0:00 0:00 Sebastien Aho 0 0 0 1 0 0 3 1 0 0 0/0 13:23 0:00 0:03 Stefan Noesen 1 1 2 1 0 5 2 0 0 0 0/1 16:13 0:00 0:42 William Borgen 0 0 0 -2 2 0 2 1 0 0 0/0 17:23 0:00 0:00 Yegor Sharangovich 0 1 1 1 0 5 0 0 0 0 0/1 18:37 3:06 0:00 Players Stats for SACRAMENTO BANDITSPlayer Name G A P +/- PIM S H SB GA TA FO MP PP MP PK MP ------------------------------------------------------------------------------------ Adam Gaudette 0 0 0 0 0 1 0 0 0 0 3/8 8:43 0:00 1:26 Anthony Beauvillier 1 1 2 1 0 1 0 0 0 0 13/18 18:44 0:42 2:36 Anthony DeAngelo 0 1 1 2 0 0 0 1 0 0 0/0 21:53 1:06 2:29 Antti Tuomisto 0 0 0 0 2 0 2 1 0 0 0/0 21:05 0:53 4:08 Blake Wheeler 0 0 0 0 0 1 0 1 0 0 0/0 7:17 0:00 0:00 Corey Perry 1 0 1 0 0 3 1 1 0 0 1/1 20:43 1:17 3:21 Danil Gushchin 0 0 0 0 0 1 0 0 0 0 0/0 11:50 0:00 0:00 Dillon Dube 0 0 0 0 0 2 0 0 0 0 8/15 11:50 0:00 0:00 Dominik Kubalik 0 1 1 1 0 1 0 1 0 0 2/3 16:08 0:42 0:00 Fredrik Karlstrom 0 0 0 0 0 0 2 1 0 0 14/31 22:09 1:17 4:47 Jakob Silfverberg 0 1 1 0 0 1 0 0 0 0 1/2 19:58 1:17 2:36 Josh Anderson 0 0 0 0 0 0 1 0 0 0 0/0 7:17 0:00 0:00 Klim Kostin 0 0 0 0 0 1 0 1 0 0 1/2 11:50 0:00 0:00 Matthew Knies 1 0 1 1 0 2 3 0 0 0 1/3 16:08 0:42 0:00 Radim Simek 0 0 0 -1 6 0 3 2 0 0 0/0 16:12 0:00 0:00 Reilly Walsh 0 0 0 -1 0 0 2 0 0 0 0/0 17:16 0:00 1:51 William Wallinder 0 0 0 0 0 0 4 0 0 0 0/0 21:57 0:53 4:13 Zach Bogosian 0 1 1 2 2 1 7 6 0 0 0/0 21:32 1:06 2:05 3 Stars
1 - Connor McDavid (ANC)
2 - Stefan Noesen (ANC) 3 - Zach Bogosian (SAC) Power PlayANCHORAGE ACES - 2 on 5 Attempt(s) - 40,00%
SACRAMENTO BANDITS - 0 on 1 Attempt(s) - 0,00%
Penalty KillANCHORAGE ACES - 1 on 1 Attempt(s) - 100,00%
- Score 0 goal in Penalty Kill
SACRAMENTO BANDITS - 3 on 5 Attempt(s) - 60,00%
- Score 0 goal in Penalty Kill
Team StatANCHORAGE ACES - Hits : 28 - Faceoff Wins : 39 - Blocked Shots : 6 - Penalty Minutes : 2
SACRAMENTO BANDITS - Hits : 25 - Faceoff Wins : 44 - Blocked Shots : 15 - Penalty Minutes : 10
Official
Referees : Justin Kea and Justin St. Pierre
Linesman : Devin Berg and Stephen Drain Game Notes
No Game Note
FinanceLevel 1 -- Attendance: 6205 (100,00%) -- Ticket Income 992 800 $Level 2 -- Attendance: 4020 (76,14%) -- Ticket Income 562 800 $ Level 3 -- Attendance: 1678 (78,59%) -- Ticket Income 201 360 $ Level 4 -- Attendance: 3007 (70,26%) -- Ticket Income 270 630 $ Luxury Box -- Attendance: 1010 (100,00%) -- Ticket Income 303 000 $ Game was played at the Sacramento Center Palace. Total Attendance: 15920 (84,19%) Total Ticket Income: 2 330 590 $ Other Expense: 23 306 $ Total Income: 2 307 284 $ ANCHORAGE ACES5 vs 5 Forward Center Left Wing Right Wing Time % Phy DF OF 1 Connor McDavid Yegor Sharangovich Stefan Noesen 32 0 1 4 2 Nathan MacKinnon Alexander DeBrincat David Perron 32 0 1 4 3 Eetu Luostarinen Erik Haula Jake Evans 30 1 2 2 4 Ross Colton Sam Carrick Colin Blackwell 6 2 2 1 5 vs 5 Defense Defense Defense Time % Phy DF OF 1 Ryan Pulock Jakob Chychrun 35 2 2 1 2 William Borgen Alexander Romanov 35 2 3 0 3 Sebastien Aho Logan Mailloux 25 2 3 0 4 Ryan Pulock Jakob Chychrun 5 1 2 2 PowerPlay Forward Center Left Wing Right Wing Time % Phy DF OF 1 Connor McDavid Alexander DeBrincat Ross Colton 50 1 2 2 2 David Perron Erik Haula Yegor Sharangovich 50 1 2 2 PowerPlay Defense Defense Defense Time % Phy DF OF 1 Nathan MacKinnon Jakob Chychrun 55 0 1 4 2 Logan Mailloux Alexander Romanov 45 1 2 2 Penalty Kill 4 Players Forward Center Wing Time % Phy DF OF 1 Jake Evans Ross Colton 55 1 2 2 2 Erik Haula Stefan Noesen 45 1 2 2 Penalty Kill 4 Players Defense Defense Defense Time % Phy DF OF 1 Alexander Romanov Ryan Pulock 55 1 2 2 2 Jakob Chychrun William Borgen 45 1 2 2 Penalty Kill - 3 Players Forward Forward Time % Phy DF OF 1 Jake Evans 55 1 2 2 2 Erik Haula 45 1 2 2 Penalty Kill - 3 Players Defense Defense Defense Time % Phy DF OF 1 Jakob Chychrun Ryan Pulock 55 1 2 2 2 Logan Mailloux Sebastien Aho 45 1 2 2 4 vs 4 Forward Center Wing Time % Phy DF OF 1 Erik Haula Connor McDavid 50 1 2 2 2 Ross Colton Colin Blackwell 50 1 2 2 4 vs 4 Defense Defense Defense Time % Phy DF OF 1 Ryan Pulock Jakob Chychrun 55 1 2 2 2 Sebastien Aho Logan Mailloux 45 1 2 2 Last Minutes Offensive Center Left Wing Right Wing Defense Defense Connor McDavid Alexander DeBrincat Nathan MacKinnon Ryan Pulock Jakob Chychrun Last Minutes Defensive Center Left Wing Right Wing Defense Defense Connor McDavid Alexander DeBrincat Nathan MacKinnon Ryan Pulock Jakob Chychrun Goaltenders Starting : Dustin Wolf Backup : Darcy Kuemper Extra Forwards Normal : David Perron, Connor McDavid, Yegor Sharangovich - PP : David Perron, Erik Haula - PK : Connor McDavid Extra Defensemen Normal : Jakob Chychrun, Ryan Pulock, Alexander Romanov - PP : Jakob Chychrun - PK : Alexander Romanov, Ryan Pulock Penalty Shots Yegor Sharangovich, Connor McDavid, Ross Colton, David Perron, Erik Haula Custom OT Lines Forwards Connor McDavid, Nathan MacKinnon, Alexander DeBrincat, Yegor Sharangovich, Erik Haula, Jake Evans, David Perron, Stefan Noesen, Ross Colton, Sam Carrick Custom OT Lines Defensemen Jakob Chychrun, Alexander Romanov, Ryan Pulock, William Borgen, Logan Mailloux Scratches None SACRAMENTO BANDITS5 vs 5 Forward Center Left Wing Right Wing Time % Phy DF OF 1 Fredrik Karlstrom Jakob Silfverberg Corey Perry 36 1 2 2 2 Anthony Beauvillier Matthew Knies Dominik Kubalik 31 1 2 2 3 Dillon Dube Klim Kostin Danil Gushchin 23 1 2 2 4 Adam Gaudette Blake Wheeler Josh Anderson 10 1 2 2 5 vs 5 Defense Defense Defense Time % Phy DF OF 1 Zach Bogosian Anthony DeAngelo 36 1 2 2 2 Antti Tuomisto William Wallinder 31 1 2 2 3 Radim Simek Reilly Walsh 23 1 2 2 4 Zach Bogosian Anthony DeAngelo 10 1 2 2 PowerPlay Forward Center Left Wing Right Wing Time % Phy DF OF 1 Fredrik Karlstrom Jakob Silfverberg Corey Perry 55 1 2 2 2 Anthony Beauvillier Matthew Knies Dominik Kubalik 45 1 2 2 PowerPlay Defense Defense Defense Time % Phy DF OF 1 Zach Bogosian Anthony DeAngelo 55 1 2 2 2 Antti Tuomisto William Wallinder 45 1 2 2 Penalty Kill 4 Players Forward Center Wing Time % Phy DF OF 1 Fredrik Karlstrom Corey Perry 55 1 2 2 2 Jakob Silfverberg Anthony Beauvillier 45 1 2 2 Penalty Kill 4 Players Defense Defense Defense Time % Phy DF OF 1 Zach Bogosian Anthony DeAngelo 55 1 2 2 2 Antti Tuomisto William Wallinder 45 1 2 2 Penalty Kill - 3 Players Forward Forward Time % Phy DF OF 1 Jakob Silfverberg 55 1 2 2 2 Corey Perry 45 1 2 2 Penalty Kill - 3 Players Defense Defense Defense Time % Phy DF OF 1 Zach Bogosian Anthony DeAngelo 55 1 2 2 2 Antti Tuomisto William Wallinder 45 1 2 2 4 vs 4 Forward Center Wing Time % Phy DF OF 1 Matthew Knies Corey Perry 55 1 2 2 2 Jakob Silfverberg Anthony Beauvillier 45 1 2 2 4 vs 4 Defense Defense Defense Time % Phy DF OF 1 Zach Bogosian Anthony DeAngelo 55 1 2 2 2 Antti Tuomisto William Wallinder 45 1 2 2 Last Minutes Offensive Center Left Wing Right Wing Defense Defense Fredrik Karlstrom Jakob Silfverberg Corey Perry Zach Bogosian Anthony DeAngelo Last Minutes Defensive Center Left Wing Right Wing Defense Defense Fredrik Karlstrom Jakob Silfverberg Corey Perry Zach Bogosian Anthony DeAngelo Goaltenders Starting : Daniel Vladar Backup : Magnus Chrona Extra Forwards Normal : Fredrik Karlstrom, Dillon Dube, Adam Gaudette - PP : Fredrik Karlstrom, Dillon Dube - PK : Adam Gaudette Extra Defensemen Normal : Radim Simek, Reilly Walsh, Antti Tuomisto - PP : Radim Simek - PK : Reilly Walsh, Antti Tuomisto Penalty Shots Dillon Dube, Corey Perry, Jakob Silfverberg, Anthony Beauvillier, Matthew Knies Custom OT Lines Forwards Danil Gushchin, Corey Perry, Jakob Silfverberg, Anthony Beauvillier, Matthew Knies, Dominik Kubalik, Dillon Dube, Adam Gaudette, Fredrik Karlstrom, Klim Kostin Custom OT Lines Defensemen Zach Bogosian, Anthony DeAngelo, Antti Tuomisto, William Wallinder, Radim Simek Scratches Denis Gurianov (Healthy), Drake Caggiula (Healthy), Max Pacioretty (Fractured Bone in Left Hand Injury), Simon Edvinsson (Back Surgery Injury), Louis Domingue (Sprained Left Knee Injury) Matthew Murray (Concussion Injury)
Play-by-Play1st period0:01 of 1st period - Fredrik Karlstrom wins face-off versus Yegor Sharangovich in neutral zone. 0:26 of 1st period - Shot by Corey Perry. 0:26 of 1st period - Goal by Corey Perry - ANCHORAGE ACES : 0 - SACRAMENTO BANDITS : 1. 0:27 of 1st period - Dominik Kubalik wins face-off versus Alexander DeBrincat in neutral zone. 0:52 of 1st period - Shot by Alexander DeBrincat. 0:52 of 1st period - Shot Misses the Net. 1:10 of 1st period - Shot by Nathan MacKinnon. 1:10 of 1st period - Deflect By Alexander DeBrincat. 1:10 of 1st period - Shot Misses the Net. 1:19 of 1st period - Icing by Antti Tuomisto. 1:20 of 1st period - Eetu Luostarinen wins face-off versus Anthony Beauvillier in SACRAMENTO BANDITS zone. 1:25 of 1st period - Shot by Jake Evans. 1:25 of 1st period - Shot Misses the Net. 1:27 of 1st period - Shot by Jake Evans. 1:27 of 1st period - Shot Blocked by Dominik Kubalik. 1:38 of 1st period - Shot by Erik Haula. 1:38 of 1st period - Stopped by Daniel Vladar without a rebound. 1:39 of 1st period - Ross Colton wins face-off versus Dillon Dube in SACRAMENTO BANDITS zone. 1:43 of 1st period - Icing by Danil Gushchin. 1:44 of 1st period - Dillon Dube wins face-off versus Eetu Luostarinen in SACRAMENTO BANDITS zone. 1:44 of 1st period - Dillon Dube is hit by Eetu Luostarinen. 1:47 of 1st period - Danil Gushchin is hit by Erik Haula. 1:49 of 1st period - Shot by Klim Kostin. 1:49 of 1st period - Shot Misses the Net. 1:51 of 1st period - Shot by Klim Kostin. 1:51 of 1st period - Stopped by Dustin Wolf without a rebound. 1:52 of 1st period - Connor McDavid wins face-off versus Fredrik Karlstrom in ANCHORAGE ACES zone. 2:23 of 1st period - Shot by Yegor Sharangovich. 2:23 of 1st period - Stopped by Daniel Vladar without a rebound. 2:24 of 1st period - Dillon Dube wins face-off versus Eetu Luostarinen in SACRAMENTO BANDITS zone. 3:00 of 1st period - Shot by Eetu Luostarinen. 3:00 of 1st period - Stopped by Daniel Vladar without a rebound. 3:01 of 1st period - Nathan MacKinnon wins face-off versus Adam Gaudette in SACRAMENTO BANDITS zone. 3:02 of 1st period - Shot by Alexander DeBrincat. 3:02 of 1st period - Stopped by Daniel Vladar without a rebound. 3:03 of 1st period - Adam Gaudette wins face-off versus Nathan MacKinnon in SACRAMENTO BANDITS zone. 3:03 of 1st period - Adam Gaudette is hit by Nathan MacKinnon. 3:34 of 1st period - Shot by Blake Wheeler. 3:34 of 1st period - Shot Blocked by Alexander Romanov. 3:50 of 1st period - Anthony DeAngelo is hit by Nathan MacKinnon and loses puck. 4:21 of 1st period - Fredrik Karlstrom is hit by Connor McDavid. 4:25 of 1st period - Shot by Connor McDavid. 4:25 of 1st period - Shot Misses the Net. 4:29 of 1st period - Shot by Connor McDavid. 4:29 of 1st period - Stopped by Daniel Vladar with a rebound. 4:31 of 1st period - Shot by Stefan Noesen. 4:31 of 1st period - Goal by Stefan Noesen - ANCHORAGE ACES : 1 - SACRAMENTO BANDITS : 1. 4:32 of 1st period - Eetu Luostarinen wins face-off versus Dillon Dube in neutral zone. 4:46 of 1st period - Danil Gushchin is hit by Sebastien Aho. 5:03 of 1st period - Icing by Sebastien Aho. 5:04 of 1st period - Eetu Luostarinen wins face-off versus Fredrik Karlstrom in ANCHORAGE ACES zone. 5:35 of 1st period - Shot by Sam Carrick. 5:35 of 1st period - Stopped by Daniel Vladar without a rebound. 5:36 of 1st period - Connor McDavid wins face-off versus Matthew Knies in SACRAMENTO BANDITS zone. 5:39 of 1st period - Shot by Connor McDavid. 5:39 of 1st period - Shot Misses the Net. 5:53 of 1st period - Shot by Dominik Kubalik. 5:53 of 1st period - Stopped by Dustin Wolf with a rebound. 5:55 of 1st period - Shot by Matthew Knies. 5:55 of 1st period - Stopped by Dustin Wolf without a rebound. 5:56 of 1st period - Dillon Dube wins face-off versus Ross Colton in ANCHORAGE ACES zone. 5:57 of 1st period - Shot by Danil Gushchin. 5:57 of 1st period - Shot Misses the Net. 6:05 of 1st period - Shot by Jakob Chychrun. 6:05 of 1st period - Shot Misses the Net. 6:37 of 1st period - Shot by Ross Colton. 6:37 of 1st period - Shot Blocked by Zach Bogosian. 7:02 of 1st period - Shot by Alexander DeBrincat. 7:02 of 1st period - Stopped by Daniel Vladar without a rebound. 7:03 of 1st period - Fredrik Karlstrom wins face-off versus Stefan Noesen in SACRAMENTO BANDITS zone. 7:21 of 1st period - Icing by Connor McDavid. 7:22 of 1st period - Anthony Beauvillier wins face-off versus Connor McDavid in ANCHORAGE ACES zone. 7:34 of 1st period - Off-side. 7:35 of 1st period - Jakob Silfverberg wins face-off versus Alexander DeBrincat in neutral zone. 8:04 of 1st period - Shot by Alexander DeBrincat. 8:04 of 1st period - Shot Blocked by Corey Perry. 8:12 of 1st period - Shot by Corey Perry. 8:12 of 1st period - Stopped by Dustin Wolf without a rebound. 8:13 of 1st period - Anthony Beauvillier wins face-off versus Eetu Luostarinen in ANCHORAGE ACES zone. 8:39 of 1st period - Shot by Erik Haula. 8:39 of 1st period - Shot Misses the Net. 8:41 of 1st period - Shot by William Borgen. 8:41 of 1st period - Shot Misses the Net. 9:03 of 1st period - Icing by Anthony Beauvillier. 9:04 of 1st period - Anthony Beauvillier wins face-off versus Connor McDavid in SACRAMENTO BANDITS zone. 9:31 of 1st period - Connor McDavid is hit by Corey Perry and loses puck. 10:10 of 1st period - Blake Wheeler is hit by Connor McDavid and loses puck. 10:34 of 1st period - Jakob Chychrun is hit by Josh Anderson and loses puck. 10:50 of 1st period - Icing by Dillon Dube. 10:51 of 1st period - Klim Kostin wins face-off versus Nathan MacKinnon in SACRAMENTO BANDITS zone. 11:02 of 1st period - Shot by Nathan MacKinnon. 11:02 of 1st period - Stopped by Daniel Vladar with a rebound. 11:04 of 1st period - Shot by Alexander Romanov. 11:04 of 1st period - Stopped by Daniel Vladar without a rebound. 11:05 of 1st period - Anthony Beauvillier wins face-off versus Erik Haula in SACRAMENTO BANDITS zone. 11:12 of 1st period - Shot by Eetu Luostarinen. 11:12 of 1st period - Shot Misses the Net. 11:14 of 1st period - Shot by Eetu Luostarinen. 11:14 of 1st period - Shot Misses the Net. 11:16 of 1st period - Shot by Erik Haula. 11:16 of 1st period - Shot Blocked by Anthony DeAngelo. 11:22 of 1st period - Shot by Erik Haula. 11:22 of 1st period - Stopped by Daniel Vladar without a rebound. 11:23 of 1st period - Nathan MacKinnon wins face-off versus Fredrik Karlstrom in SACRAMENTO BANDITS zone. 11:33 of 1st period - Shot by Corey Perry. 11:33 of 1st period - Stopped by Dustin Wolf without a rebound. 11:34 of 1st period - Anthony Beauvillier wins face-off versus Eetu Luostarinen in ANCHORAGE ACES zone. 12:44 of 1st period - Shot by Nathan MacKinnon. 12:44 of 1st period - Shot Misses the Net. 12:51 of 1st period - Corey Perry is hit by Alexander Romanov. 12:58 of 1st period - Icing by William Borgen. 12:59 of 1st period - Nathan MacKinnon wins face-off versus Dillon Dube in ANCHORAGE ACES zone. 13:10 of 1st period - Shot by Nathan MacKinnon. 13:10 of 1st period - Shot Blocked by Klim Kostin. 13:43 of 1st period - Shot by Yegor Sharangovich. 13:43 of 1st period - Shot Misses the Net. 13:45 of 1st period - Shot by Connor McDavid. 13:45 of 1st period - Shot Misses the Net. 13:52 of 1st period - Connor McDavid is hit by Reilly Walsh and loses puck. 14:38 of 1st period - Dominik Kubalik is hit by Sebastien Aho and loses puck. 14:42 of 1st period - Anthony Beauvillier is hit by Logan Mailloux and loses puck. 14:59 of 1st period - Jake Evans is hit by Fredrik Karlstrom and loses puck. 15:04 of 1st period - Shot by Jakob Silfverberg. 15:04 of 1st period - Shot Misses the Net. 15:06 of 1st period - Shot by Corey Perry. 15:06 of 1st period - Deflect By Jakob Silfverberg. 15:06 of 1st period - Shot Misses the Net. 15:15 of 1st period - Corey Perry is hit by Logan Mailloux and loses puck. 15:30 of 1st period - Shot by Fredrik Karlstrom. 15:30 of 1st period - Shot Misses the Net. 15:32 of 1st period - Shot by William Wallinder. 15:32 of 1st period - Shot Misses the Net. 15:34 of 1st period - Shot by Jakob Silfverberg. 15:34 of 1st period - Shot Misses the Net. 16:05 of 1st period - Shot by Adam Gaudette. 16:05 of 1st period - Stopped by Dustin Wolf without a rebound. 16:06 of 1st period - Anthony Beauvillier wins face-off versus Alexander DeBrincat in ANCHORAGE ACES zone. 16:47 of 1st period - Shot by David Perron. 16:47 of 1st period - Shot Misses the Net. 17:05 of 1st period - Shot by Blake Wheeler. 17:05 of 1st period - Stopped by Dustin Wolf without a rebound. 17:06 of 1st period - Fredrik Karlstrom wins face-off versus Connor McDavid in ANCHORAGE ACES zone. 17:29 of 1st period - Shot by Stefan Noesen. 17:29 of 1st period - Stopped by Daniel Vladar with a rebound. 17:43 of 1st period - Shot by Yegor Sharangovich. 17:43 of 1st period - Deflect By Stefan Noesen. 17:43 of 1st period - Stopped by Daniel Vladar with a rebound. 17:47 of 1st period - Shot by Yegor Sharangovich. 17:47 of 1st period - Stopped by Daniel Vladar without a rebound. 17:48 of 1st period - Dillon Dube wins face-off versus Ross Colton in SACRAMENTO BANDITS zone. 17:48 of 1st period - Danil Gushchin is hit by Sam Carrick. 18:06 of 1st period - Icing by William Borgen. 18:07 of 1st period - Anthony Beauvillier wins face-off versus Ross Colton in ANCHORAGE ACES zone. 18:07 of 1st period - Matthew Knies is hit by William Borgen and loses puck. 18:24 of 1st period - Minor Penalty to William Borgen for High sticking. 18:25 of 1st period - Jake Evans wins face-off versus Fredrik Karlstrom in ANCHORAGE ACES zone. 18:42 of 1st period - Ryan Pulock is hit by Fredrik Karlstrom and loses puck. 18:52 of 1st period - Icing by Jakob Silfverberg. 18:53 of 1st period - Jake Evans wins face-off versus Fredrik Karlstrom in SACRAMENTO BANDITS zone. 18:53 of 1st period - Jake Evans is hit by William Wallinder. 19:28 of 1st period - Off-side. 19:29 of 1st period - Anthony Beauvillier wins face-off versus Erik Haula in neutral zone. 19:34 of 1st period - Shot by Dominik Kubalik. 19:34 of 1st period - Shot Blocked by Erik Haula. 19:46 of 1st period - Shot by Zach Bogosian. 19:46 of 1st period - Stopped by Dustin Wolf without a rebound. 19:47 of 1st period - Jake Evans wins face-off versus Anthony Beauvillier in ANCHORAGE ACES zone. 19:47 of 1st period - Jake Evans is hit by Matthew Knies. Goals for this period are 1 for ANCHORAGE ACES vs 1 for SACRAMENTO BANDITS. Shots for this period are 14 for ANCHORAGE ACES vs 9 for SACRAMENTO BANDITS. 2nd period0:01 of 2nd period - Jake Evans wins face-off versus Jakob Silfverberg in neutral zone. 1:20 of 2nd period - Shot by Connor McDavid. 1:20 of 2nd period - Shot Misses the Net. 1:22 of 2nd period - Shot by Ryan Pulock. 1:22 of 2nd period - Stopped by Daniel Vladar without a rebound. 1:23 of 2nd period - Connor McDavid wins face-off versus Fredrik Karlstrom in SACRAMENTO BANDITS zone. 1:29 of 2nd period - Yegor Sharangovich is hit by Zach Bogosian and loses puck. 1:47 of 2nd period - Connor McDavid is hit by Zach Bogosian and loses puck. 2:18 of 2nd period - Minor Penalty to Radim Simek for Hooking. 2:19 of 2nd period - Connor McDavid wins face-off versus Fredrik Karlstrom in SACRAMENTO BANDITS zone. 2:22 of 2nd period - Shot by Alexander DeBrincat. 2:22 of 2nd period - Shot Misses the Net. 2:24 of 2nd period - Shot by Connor McDavid. 2:24 of 2nd period - Shot Misses the Net. 2:26 of 2nd period - Shot by Ross Colton. 2:26 of 2nd period - Stopped by Daniel Vladar without a rebound. 2:27 of 2nd period - Fredrik Karlstrom wins face-off versus David Perron in SACRAMENTO BANDITS zone. 2:37 of 2nd period - David Perron is hit by William Wallinder. 3:20 of 2nd period - Off-side. 3:21 of 2nd period - Connor McDavid wins face-off versus Fredrik Karlstrom in neutral zone. 3:24 of 2nd period - Zach Bogosian is hit by Ross Colton and loses puck. 3:46 of 2nd period - Zach Bogosian is hit by Ross Colton and loses puck. 4:29 of 2nd period - Shot by Erik Haula. 4:29 of 2nd period - Shot Blocked by Radim Simek. 4:43 of 2nd period - Shot by Jake Evans. 4:43 of 2nd period - Shot Misses the Net. 4:45 of 2nd period - Shot by Alexander Romanov. 4:45 of 2nd period - Shot Blocked by Radim Simek. 5:21 of 2nd period - Shot by Colin Blackwell. 5:21 of 2nd period - Shot Misses the Net. 5:33 of 2nd period - Shot by Dominik Kubalik. 5:33 of 2nd period - Shot Misses the Net. 6:05 of 2nd period - Shot by Nathan MacKinnon. 6:05 of 2nd period - Stopped by Daniel Vladar without a rebound. 6:06 of 2nd period - Connor McDavid wins face-off versus Fredrik Karlstrom in SACRAMENTO BANDITS zone. 6:21 of 2nd period - Shot by Connor McDavid. 6:21 of 2nd period - Shot Misses the Net. 6:28 of 2nd period - Off-side. 6:29 of 2nd period - Adam Gaudette wins face-off versus Nathan MacKinnon in neutral zone. 6:33 of 2nd period - Off-side. 6:34 of 2nd period - Dominik Kubalik wins face-off versus Nathan MacKinnon in neutral zone. 6:40 of 2nd period - Anthony Beauvillier is hit by William Borgen. 7:03 of 2nd period - Icing by Nathan MacKinnon. 7:04 of 2nd period - Nathan MacKinnon wins face-off versus Fredrik Karlstrom in ANCHORAGE ACES zone. 7:08 of 2nd period - Icing by Alexander DeBrincat. 7:09 of 2nd period - Alexander DeBrincat wins face-off versus Fredrik Karlstrom in ANCHORAGE ACES zone. 7:28 of 2nd period - Shot by Jakob Silfverberg. 7:28 of 2nd period - Stopped by Dustin Wolf without a rebound. 7:29 of 2nd period - Anthony Beauvillier wins face-off versus Eetu Luostarinen in ANCHORAGE ACES zone. 7:29 of 2nd period - Anthony Beauvillier is hit by Jakob Chychrun. 7:46 of 2nd period - Eetu Luostarinen is hit by Radim Simek and loses puck. 7:52 of 2nd period - Jake Evans is hit by Radim Simek and loses puck. 8:01 of 2nd period - Minor Penalty to Radim Simek for High sticking. 8:02 of 2nd period - Connor McDavid wins face-off versus Fredrik Karlstrom in SACRAMENTO BANDITS zone. 8:21 of 2nd period - Shot by Ross Colton. 8:21 of 2nd period - Shot Misses the Net. 8:23 of 2nd period - Shot by Alexander DeBrincat. 8:23 of 2nd period - Stopped by Daniel Vladar without a rebound. 8:24 of 2nd period - David Perron wins face-off versus Fredrik Karlstrom in SACRAMENTO BANDITS zone. 8:59 of 2nd period - Shot by Jakob Chychrun. 8:59 of 2nd period - Goal by Jakob Chychrun - ANCHORAGE ACES : 2 - SACRAMENTO BANDITS : 1. 9:00 of 2nd period - Ross Colton wins face-off versus Dominik Kubalik in neutral zone. 9:00 of 2nd period - Colin Blackwell is hit by Matthew Knies and loses puck. 9:13 of 2nd period - Shot by Anthony Beauvillier. 9:13 of 2nd period - Shot Blocked by Alexander Romanov. 9:15 of 2nd period - Shot by Matthew Knies. 9:15 of 2nd period - Goal by Matthew Knies - ANCHORAGE ACES : 2 - SACRAMENTO BANDITS : 2. 9:16 of 2nd period - Dillon Dube wins face-off versus Connor McDavid in neutral zone. 10:06 of 2nd period - Icing by Radim Simek. 10:07 of 2nd period - Dillon Dube wins face-off versus Nathan MacKinnon in SACRAMENTO BANDITS zone. 10:29 of 2nd period - Shot by Nathan MacKinnon. 10:29 of 2nd period - Stopped by Daniel Vladar without a rebound. 10:30 of 2nd period - Fredrik Karlstrom wins face-off versus Eetu Luostarinen in SACRAMENTO BANDITS zone. 11:09 of 2nd period - Shot by Jake Evans. 11:09 of 2nd period - Shot Blocked by Zach Bogosian. 11:35 of 2nd period - Shot by Alexander DeBrincat. 11:35 of 2nd period - Stopped by Daniel Vladar with a rebound. 11:37 of 2nd period - Shot by Jakob Chychrun. 11:37 of 2nd period - Stopped by Daniel Vladar without a rebound. 11:38 of 2nd period - Anthony Beauvillier wins face-off versus Connor McDavid in SACRAMENTO BANDITS zone. 11:38 of 2nd period - Anthony Beauvillier is hit by Connor McDavid. 11:41 of 2nd period - Matthew Knies is hit by Connor McDavid and loses puck. 11:50 of 2nd period - Shot by Connor McDavid. 11:50 of 2nd period - Goal by Connor McDavid - ANCHORAGE ACES : 3 - SACRAMENTO BANDITS : 2. 11:51 of 2nd period - Nathan MacKinnon wins face-off versus Adam Gaudette in neutral zone. 12:05 of 2nd period - Shot by Blake Wheeler. 12:05 of 2nd period - Shot Misses the Net. 12:58 of 2nd period - Dominik Kubalik is hit by Stefan Noesen. 13:20 of 2nd period - Off-side. 13:21 of 2nd period - Eetu Luostarinen wins face-off versus Dillon Dube in neutral zone. 13:43 of 2nd period - Icing by Anthony DeAngelo. 13:44 of 2nd period - Ross Colton wins face-off versus Dillon Dube in SACRAMENTO BANDITS zone. 14:17 of 2nd period - Alexander Romanov is hit by Antti Tuomisto and loses puck. 14:48 of 2nd period - Shot by Connor McDavid. 14:48 of 2nd period - Stopped by Daniel Vladar with a rebound. 14:50 of 2nd period - Shot by Ryan Pulock. 14:50 of 2nd period - Shot Misses the Net. 15:09 of 2nd period - Connor McDavid is hit by William Wallinder and loses puck. 15:21 of 2nd period - Icing by Fredrik Karlstrom. 15:22 of 2nd period - Fredrik Karlstrom wins face-off versus Alexander DeBrincat in SACRAMENTO BANDITS zone. 15:40 of 2nd period - Off-side. 15:41 of 2nd period - Anthony Beauvillier wins face-off versus Eetu Luostarinen in neutral zone. 16:05 of 2nd period - Jake Evans is hit by Zach Bogosian and loses puck. 16:30 of 2nd period - Off-side. 16:31 of 2nd period - Nathan MacKinnon wins face-off versus Dillon Dube in neutral zone. 17:03 of 2nd period - Shot by Nathan MacKinnon. 17:03 of 2nd period - Stopped by Daniel Vladar with a rebound. 17:13 of 2nd period - Shot by Nathan MacKinnon. 17:13 of 2nd period - Stopped by Daniel Vladar with a rebound. 17:15 of 2nd period - Shot by Jakob Chychrun. 17:15 of 2nd period - Stopped by Daniel Vladar with a rebound. 17:42 of 2nd period - Shot by Yegor Sharangovich. 17:42 of 2nd period - Stopped by Daniel Vladar without a rebound. 17:43 of 2nd period - Eetu Luostarinen wins face-off versus Fredrik Karlstrom in SACRAMENTO BANDITS zone. 17:52 of 2nd period - Shot by Erik Haula. 17:52 of 2nd period - Shot Misses the Net. 18:50 of 2nd period - Alexander Romanov is hit by Matthew Knies and loses puck. 18:54 of 2nd period - Icing by Jake Evans. 18:55 of 2nd period - Eetu Luostarinen wins face-off versus Adam Gaudette in ANCHORAGE ACES zone. 19:45 of 2nd period - Shot by Stefan Noesen. 19:45 of 2nd period - Stopped by Daniel Vladar with a rebound. 19:47 of 2nd period - Shot by Connor McDavid. 19:47 of 2nd period - Shot Misses the Net. Goals for this period are 2 for ANCHORAGE ACES vs 1 for SACRAMENTO BANDITS. Shots for this period are 15 for ANCHORAGE ACES vs 2 for SACRAMENTO BANDITS. 3rd period0:01 of 3rd period - Fredrik Karlstrom wins face-off versus Nathan MacKinnon in neutral zone. 0:10 of 3rd period - Shot by Jakob Silfverberg. 0:10 of 3rd period - Shot Misses the Net. 0:12 of 3rd period - Shot by Corey Perry. 0:12 of 3rd period - Shot Blocked by Jakob Chychrun. 0:28 of 3rd period - Shot by Nathan MacKinnon. 0:28 of 3rd period - Shot Hit the Post. 1:16 of 3rd period - Minor Penalty to Antti Tuomisto for Hooking. 1:17 of 3rd period - Connor McDavid wins face-off versus Fredrik Karlstrom in SACRAMENTO BANDITS zone. 1:32 of 3rd period - Shot by Ross Colton. 1:32 of 3rd period - Shot Blocked by Fredrik Karlstrom. 1:42 of 3rd period - Shot by Connor McDavid. 1:42 of 3rd period - Stopped by Daniel Vladar with a rebound. 1:44 of 3rd period - Shot by Connor McDavid. 1:44 of 3rd period - Goal by Connor McDavid - ANCHORAGE ACES : 4 - SACRAMENTO BANDITS : 2. 1:45 of 3rd period - Anthony Beauvillier wins face-off versus Connor McDavid in neutral zone. 1:49 of 3rd period - Off-side. 1:50 of 3rd period - Eetu Luostarinen wins face-off versus Anthony Beauvillier in neutral zone. 2:09 of 3rd period - Shot by Jake Evans. 2:09 of 3rd period - Deflect By Eetu Luostarinen. 2:09 of 3rd period - Shot Misses the Net. 2:11 of 3rd period - Shot by Eetu Luostarinen. 2:11 of 3rd period - Stopped by Daniel Vladar with a rebound. 2:21 of 3rd period - Shot by Erik Haula. 2:21 of 3rd period - Stopped by Daniel Vladar without a rebound. 2:22 of 3rd period - Dillon Dube wins face-off versus Connor McDavid in SACRAMENTO BANDITS zone. 2:22 of 3rd period - Dillon Dube is hit by Stefan Noesen. 2:30 of 3rd period - Shot by Dillon Dube. 2:30 of 3rd period - Stopped by Dustin Wolf without a rebound. 2:31 of 3rd period - Adam Gaudette wins face-off versus Connor McDavid in ANCHORAGE ACES zone. 3:36 of 3rd period - Icing by Zach Bogosian. 3:37 of 3rd period - Fredrik Karlstrom wins face-off versus Eetu Luostarinen in SACRAMENTO BANDITS zone. 3:55 of 3rd period - Jake Evans is hit by Zach Bogosian and loses puck. 4:02 of 3rd period - Shot by Erik Haula. 4:02 of 3rd period - Shot Blocked by Zach Bogosian. 4:04 of 3rd period - Shot by Jake Evans. 4:04 of 3rd period - Shot Misses the Net. 4:06 of 3rd period - Shot by Erik Haula. 4:06 of 3rd period - Shot Misses the Net. 4:08 of 3rd period - Shot by Logan Mailloux. 4:08 of 3rd period - Stopped by Daniel Vladar with a rebound. 4:27 of 3rd period - Icing by Zach Bogosian. 4:28 of 3rd period - Fredrik Karlstrom wins face-off versus Alexander DeBrincat in SACRAMENTO BANDITS zone. 4:28 of 3rd period - Fredrik Karlstrom is hit by David Perron. 4:33 of 3rd period - Icing by Jakob Silfverberg. 4:34 of 3rd period - Nathan MacKinnon wins face-off versus Fredrik Karlstrom in SACRAMENTO BANDITS zone. 4:38 of 3rd period - Alexander DeBrincat is hit by Zach Bogosian and loses puck. 5:55 of 3rd period - Shot by Connor McDavid. 5:55 of 3rd period - Shot Misses the Net. 5:57 of 3rd period - Shot by Connor McDavid. 5:57 of 3rd period - Shot Blocked by Antti Tuomisto. 5:59 of 3rd period - Shot by Ryan Pulock. 5:59 of 3rd period - Stopped by Daniel Vladar without a rebound. 6:00 of 3rd period - Dillon Dube wins face-off versus Eetu Luostarinen in SACRAMENTO BANDITS zone. 6:06 of 3rd period - Klim Kostin is hit by Sebastien Aho and loses puck. 6:21 of 3rd period - Shot by Dillon Dube. 6:21 of 3rd period - Shot Blocked by Sebastien Aho. 6:33 of 3rd period - Shot by Danil Gushchin. 6:33 of 3rd period - Stopped by Dustin Wolf with a rebound. 6:35 of 3rd period - Shot by Dillon Dube. 6:35 of 3rd period - Stopped by Dustin Wolf without a rebound. 6:36 of 3rd period - Nathan MacKinnon wins face-off versus Anthony Beauvillier in ANCHORAGE ACES zone. 6:57 of 3rd period - Shot by David Perron. 6:57 of 3rd period - Stopped by Daniel Vladar with a rebound. 6:59 of 3rd period - Shot by Nathan MacKinnon. 6:59 of 3rd period - Shot Misses the Net. 7:08 of 3rd period - Matthew Knies is hit by David Perron. 7:18 of 3rd period - Shot by David Perron. 7:18 of 3rd period - Deflect By Alexander DeBrincat. 7:18 of 3rd period - Shot Misses the Net. 7:20 of 3rd period - Shot by Nathan MacKinnon. 7:20 of 3rd period - Stopped by Daniel Vladar without a rebound. 7:21 of 3rd period - Connor McDavid wins face-off versus Adam Gaudette in SACRAMENTO BANDITS zone. 7:22 of 3rd period - Shot by Yegor Sharangovich. 7:22 of 3rd period - Shot Blocked by Blake Wheeler. 7:25 of 3rd period - Minor Penalty to Radim Simek for Holding. 7:26 of 3rd period - Fredrik Karlstrom wins face-off versus Connor McDavid in SACRAMENTO BANDITS zone. 8:16 of 3rd period - Off-side. 8:17 of 3rd period - Fredrik Karlstrom wins face-off versus David Perron in neutral zone. 8:42 of 3rd period - Shot by David Perron. 8:42 of 3rd period - Shot Blocked by Zach Bogosian. 8:44 of 3rd period - Shot by David Perron. 8:44 of 3rd period - Shot Blocked by Zach Bogosian. 8:46 of 3rd period - Shot by Nathan MacKinnon. 8:46 of 3rd period - Deflect By Yegor Sharangovich. 8:46 of 3rd period - Stopped by Daniel Vladar without a rebound. 8:47 of 3rd period - Corey Perry wins face-off versus Connor McDavid in SACRAMENTO BANDITS zone. 8:47 of 3rd period - Corey Perry is hit by Ross Colton. 9:44 of 3rd period - Shot by Eetu Luostarinen. 9:44 of 3rd period - Shot Misses the Net. 9:46 of 3rd period - Shot by Jake Evans. 9:46 of 3rd period - Stopped by Daniel Vladar without a rebound. 9:47 of 3rd period - Connor McDavid wins face-off versus Adam Gaudette in SACRAMENTO BANDITS zone. 10:29 of 3rd period - Icing by Ryan Pulock. 10:30 of 3rd period - Connor McDavid wins face-off versus Matthew Knies in ANCHORAGE ACES zone. 10:56 of 3rd period - Shot by Erik Haula. 10:56 of 3rd period - Stopped by Daniel Vladar without a rebound. 10:57 of 3rd period - Nathan MacKinnon wins face-off versus Fredrik Karlstrom in SACRAMENTO BANDITS zone. 11:02 of 3rd period - Shot by David Perron. 11:02 of 3rd period - Stopped by Daniel Vladar without a rebound. 11:03 of 3rd period - Fredrik Karlstrom wins face-off versus Nathan MacKinnon in SACRAMENTO BANDITS zone. 11:03 of 3rd period - Fredrik Karlstrom is hit by David Perron. 11:08 of 3rd period - Corey Perry is hit by David Perron and loses puck. 11:40 of 3rd period - Shot by Nathan MacKinnon. 11:40 of 3rd period - Shot Misses the Net. 12:00 of 3rd period - Shot by Anthony Beauvillier. 12:00 of 3rd period - Shot Blocked by William Borgen. 12:04 of 3rd period - Shot by Anthony Beauvillier. 12:04 of 3rd period - Goal by Anthony Beauvillier - ANCHORAGE ACES : 4 - SACRAMENTO BANDITS : 3. 12:05 of 3rd period - Connor McDavid wins face-off versus Klim Kostin in neutral zone. 12:39 of 3rd period - Shot by Connor McDavid. 12:39 of 3rd period - Shot Misses the Net. 12:41 of 3rd period - Shot by Stefan Noesen. 12:41 of 3rd period - Shot Misses the Net. 12:43 of 3rd period - Shot by Connor McDavid. 12:43 of 3rd period - Deflect By Yegor Sharangovich. 12:43 of 3rd period - Stopped by Daniel Vladar with a rebound. 12:45 of 3rd period - Shot by Stefan Noesen. 12:45 of 3rd period - Stopped by Daniel Vladar without a rebound. 12:46 of 3rd period - Erik Haula wins face-off versus Anthony Beauvillier in SACRAMENTO BANDITS zone. 13:02 of 3rd period - Eetu Luostarinen is hit by Zach Bogosian and loses puck. 13:15 of 3rd period - Shot by Eetu Luostarinen. 13:15 of 3rd period - Shot Blocked by Zach Bogosian. 13:22 of 3rd period - Eetu Luostarinen is hit by Zach Bogosian and loses puck. 13:23 of 3rd period - Minor Penalty to Zach Bogosian for Slashing. 13:24 of 3rd period - Fredrik Karlstrom wins face-off versus Connor McDavid in SACRAMENTO BANDITS zone. 13:49 of 3rd period - Shot by Jakob Chychrun. 13:49 of 3rd period - Shot Misses the Net. 13:53 of 3rd period - Shot by Nathan MacKinnon. 13:53 of 3rd period - Stopped by Daniel Vladar with a rebound. 14:00 of 3rd period - Ross Colton is hit by Antti Tuomisto and loses puck. 15:58 of 3rd period - Zach Bogosian is hit by Sam Carrick and loses puck. 16:49 of 3rd period - Yegor Sharangovich is hit by William Wallinder and loses puck. 16:56 of 3rd period - Shot by Connor McDavid. 16:56 of 3rd period - Shot Misses the Net. 16:58 of 3rd period - Shot by Connor McDavid. 16:58 of 3rd period - Stopped by Daniel Vladar without a rebound. 16:59 of 3rd period - Matthew Knies wins face-off versus Nathan MacKinnon in SACRAMENTO BANDITS zone. 18:41 of 3rd period - Icing by Danil Gushchin. 18:42 of 3rd period - Eetu Luostarinen wins face-off versus Dillon Dube in SACRAMENTO BANDITS zone. 18:47 of 3rd period - Shot by Jake Evans. 18:47 of 3rd period - Stopped by Daniel Vladar without a rebound. 18:48 of 3rd period - Anthony Beauvillier wins face-off versus Eetu Luostarinen in SACRAMENTO BANDITS zone. 19:14 of 3rd period - Jake Evans is hit by Radim Simek and loses puck. 19:18 of 3rd period - Erik Haula is hit by Reilly Walsh. 19:24 of 3rd period - Shot by Erik Haula. 19:24 of 3rd period - Shot Misses the Net. 19:52 of 3rd period - Shot by Connor McDavid. 19:52 of 3rd period - Stopped by Daniel Vladar without a rebound. 19:53 of 3rd period - Fredrik Karlstrom wins face-off versus Connor McDavid in SACRAMENTO BANDITS zone. 19:58 of 3rd period - SACRAMENTO BANDITS, Daniel Vladar is pulled from the net. Goals for this period are 1 for ANCHORAGE ACES vs 1 for SACRAMENTO BANDITS. Shots for this period are 18 for ANCHORAGE ACES vs 4 for SACRAMENTO BANDITS. Back to the Top |
![]() |
![]() |
![]() |
MATTHEW TKACHUK |
TOM WILSON |
JAKE GUENTZEL |